[ AOE2 MATCH · #504917972 ]
UnrankedBerbers vs Celts
Player's team · WIN
Rival team · LOSS
[ REPLAY ANALYSIS · EXTRACTED FROM THE RECORDED GAME ]
Feudal
8:29
Castle
—
Imperial
—
| APM avg | 69.3 |
| APM peak | 85 |
| eAPM avg | 23.3 |
| Villagers / military | 41 / 13 |
Focus
⚔️ 37.1% · 🌾 62.9%
Archer ×6 · Scout Cavalry ×3 · Spearman ×2 · Skirmisher ×2
Feudal
12:21
Castle
16:27
Imperial
—
| APM avg | 49.2 |
| APM peak | 67 |
| eAPM avg | 23.1 |
| Villagers / military | 49 / 7 |
Focus
⚔️ 34.7% · 🌾 65.3%
Militia ×4 · Knight ×3
Match map
Initial resources + every placement click. Lines = walls · curves = elevation contours. ◆ gold · ⬟ stone · ● berries · ✦ relic · ◌ wall gap
Your base· Open — opponent sealed themselves in
chanchanvn's base· ✓ Closed at 16:27 · 54t walls · no gate
Smoothed initial terrain · ◌ = detected wall gap · hover for details
Inputs per minute
— Bubbagump - - chanchanvn
Build order — Bubbagump
107 actions detected in the replay
| 0:01 | Queue | Villager (Male) |
| 0:01 | Queue | Villager (Male) |
| 0:01 | Queue | Villager (Male) |
| 0:02 | Build | House |
| 0:03 | Build | House |
| 0:12 | Queue | Villager (Male) |
| 1:25 | Queue | Villager (Male) |
| 1:51 | Queue | Villager (Male) |
| 1:53 | Build | Lumber Camp |
| 2:22 | Queue | Villager (Male) |
| 2:47 | Queue | Villager (Male) |
| 3:11 | Queue | Villager (Male) |
| 3:12 | Queue | Villager (Male) |
| 3:40 | Queue | Villager (Male) |
| 3:40 | Queue | Villager (Male) |
| 3:50 | Build | House |
| 4:00 | Queue | Villager (Male) |
| 4:00 | Queue | Villager (Male) |
| 4:20 | Queue | Villager (Male) |
| 4:39 | Queue | Villager (Male) |
| 4:42 | Queue | Villager (Male) |
| 5:01 | Queue | Villager (Male) |
| 5:19 | Build | Mill |
| 6:19 | Research | Feudal Age |
| 6:21 | Research | Loom |
| 6:52 | Build | House |
| 6:52 | Build | Palisade Wall |
| 7:21 | Build | Barracks |
| 8:12 | Queue | Villager (Male) |
| 8:29 | Age | Feudal Age |
| 8:30 | Build | Stable |
| 8:33 | Research | Double-Bit Axe |
| 8:35 | Queue | Villager (Male) |
| 9:07 | Build | Archery Range |
| 9:14 | Queue | Scout Cavalry |
| 9:24 | Queue | Villager (Male) |
| 9:26 | Build | Palisade Wall |
| 9:27 | Build | Palisade Wall |
| 9:28 | Build | Palisade Wall |
| 9:29 | Build | Palisade Wall |
| 9:30 | Build | Palisade Wall |
| 9:30 | Build | Palisade Wall |
| 9:31 | Build | Palisade Wall |
| 9:32 | Build | Palisade Wall |
| 9:37 | Build | Palisade Wall |
| 9:40 | Queue | Scout Cavalry |
| 9:53 | Build | House |
| 9:55 | Queue | Archer |
| 9:58 | Build | Mining Camp |
| 9:58 | Queue | Villager (Male) |
| 10:26 | Queue | Villager (Male) |
| 10:28 | Build | House |
| 10:38 | Queue | Skirmisher |
| 10:39 | Queue | Villager (Male) |
| 10:55 | Build | House |
| 10:59 | Build | House |
| 11:06 | Queue | Skirmisher |
| 11:13 | Queue | Archer |
| 11:15 | Queue | Villager (Male) |
| 11:28 | Queue | Villager (Male) |
| 11:31 | Build | House |
| 11:35 | Build | Palisade Wall |
| 11:36 | Build | Palisade Wall |
| 11:52 | Queue | Scout Cavalry |
| 11:56 | Build | Farm |
| 11:59 | Build | Farm |
| 12:01 | Build | Farm |
| 12:12 | Build | Farm |
| 12:23 | Queue | Villager (Male) |
| 12:24 | Queue | Archer |
| 12:42 | Queue | Villager (Male) |
| 12:50 | Queue | Villager (Male) |
| 12:54 | Queue | Villager (Male) |
| 12:56 | Build | Farm |
| 12:57 | Build | Farm |
| 13:07 | Queue | Villager (Male) |
| 13:18 | Build | Farm |
| 13:24 | Build | Farm |
| 13:56 | Queue | Villager (Male) |
| 14:11 | Build | Blacksmith |
| 14:17 | Queue | Archer |
| 14:52 | Queue | Villager (Male) |
| 15:01 | Build | Farm |
| 15:18 | Queue | Villager (Male) |
| 15:21 | Build | House |
| 15:27 | Queue | Archer |
| 15:30 | Research | Fletching |
| 15:48 | Queue | Villager (Male) |
| 15:49 | Queue | Villager (Male) |
| 15:50 | Build | Farm |
| 15:51 | Build | Farm |
| 16:02 | Queue | Villager (Male) |
| 16:02 | Queue | Archer |
| 16:04 | Build | Farm |
| 16:16 | Queue | Villager (Male) |
| 16:24 | Build | Farm |
| 16:46 | Research | Castle Age |
| 16:46 | Research | Castle Age |
| 17:02 | Queue | Spearman |
| 17:26 | Queue | Villager (Male) |
| 17:29 | Build | Lumber Camp |
| 17:32 | Build | House |
| 17:32 | Build | Palisade Wall |
| 17:33 | Build | Palisade Wall |
| 17:38 | Queue | Spearman |
| 18:20 | Queue | Villager (Male) |
| 18:31 | Queue | Villager (Male) |
Build order — chanchanvn
114 actions detected in the replay
| 0:02 | Queue | Villager (Male) |
| 0:03 | Queue | Villager (Male) |
| 0:03 | Queue | Villager (Male) |
| 0:04 | Build | House |
| 0:06 | Build | House |
| 0:10 | Queue | Villager (Male) |
| 0:11 | Queue | Villager (Male) |
| 1:36 | Queue | Villager (Male) |
| 1:37 | Queue | Villager (Male) |
| 1:56 | Build | Lumber Camp |
| 1:58 | Queue | Villager (Male) |
| 1:58 | Queue | Villager (Male) |
| 2:26 | Queue | Villager (Male) |
| 2:27 | Queue | Villager (Male) |
| 2:59 | Queue | Villager (Male) |
| 2:59 | Queue | Villager (Male) |
| 2:59 | Queue | Villager (Male) |
| 3:22 | Queue | Villager (Male) |
| 3:22 | Queue | Villager (Male) |
| 3:23 | Queue | Villager (Male) |
| 3:54 | Queue | Villager (Male) |
| 3:54 | Queue | Villager (Male) |
| 3:55 | Build | House |
| 4:40 | Queue | Villager (Male) |
| 4:46 | Build | Barracks |
| 4:50 | Queue | Villager (Male) |
| 4:50 | Queue | Villager (Male) |
| 4:50 | Queue | Villager (Male) |
| 5:17 | Build | House |
| 5:18 | Build | Palisade Wall |
| 5:32 | Queue | Villager (Male) |
| 5:32 | Queue | Villager (Male) |
| 5:32 | Queue | Villager (Male) |
| 5:33 | Queue | Villager (Male) |
| 5:33 | Queue | Villager (Male) |
| 5:33 | Queue | Villager (Male) |
| 5:42 | Queue | Villager (Male) |
| 5:42 | Queue | Villager (Male) |
| 5:56 | Queue | Militia |
| 5:56 | Queue | Militia |
| 5:56 | Queue | Militia |
| 6:20 | Build | Palisade Wall |
| 6:26 | Build | Mill |
| 6:33 | Build | House |
| 6:36 | Queue | Villager (Male) |
| 6:37 | Queue | Villager (Male) |
| 6:37 | Queue | Villager (Male) |
| 6:37 | Queue | Villager (Male) |
| 6:38 | Queue | Villager (Male) |
| 6:58 | Queue | Militia |
| 7:13 | Queue | Villager (Male) |
| 7:17 | Build | Palisade Wall |
| 7:18 | Queue | Villager (Male) |
| 7:28 | Build | Farm |
| 7:33 | Research | Loom |
| 7:45 | Build | Palisade Wall |
| 7:46 | Queue | Villager (Male) |
| 7:55 | Build | Palisade Wall |
| 8:05 | Queue | Villager (Male) |
| 8:24 | Queue | Villager (Male) |
| 8:32 | Queue | Villager (Male) |
| 8:52 | Queue | Villager (Male) |
| 8:57 | Queue | Villager (Male) |
| 9:05 | Build | Farm |
| 9:07 | Build | Farm |
| 9:33 | Build | Farm |
| 10:10 | Research | Feudal Age |
| 10:18 | Build | Mining Camp |
| 10:32 | Build | House |
| 11:06 | Queue | Villager (Male) |
| 11:06 | Queue | Villager (Male) |
| 12:21 | Age | Feudal Age |
| 12:23 | Build | Market |
| 12:58 | Build | Stable |
| 13:15 | Research | Double-Bit Axe |
| 13:15 | Research | Double-Bit Axe |
| 13:22 | Build | House |
| 13:47 | Research | Castle Age |
| 13:48 | Research | Castle Age |
| 13:51 | Build | Palisade Wall |
| 13:55 | Build | House |
| 14:17 | Build | Palisade Wall |
| 14:26 | Build | Blacksmith |
| 14:30 | Build | House |
| 14:42 | Build | House |
| 15:04 | Build | Palisade Wall |
| 15:08 | Research | Scale Barding Armor |
| 15:16 | Build | Palisade Wall |
| 15:26 | Build | Palisade Wall |
| 15:27 | Build | Palisade Wall |
| 15:29 | Build | Palisade Wall |
| 15:34 | Build | Palisade Wall |
| 15:39 | Build | Palisade Wall |
| 15:50 | Build | Palisade Wall |
| 15:53 | Queue | Villager (Male) |
| 16:13 | Queue | Villager (Male) |
| 16:27 | Age | Castle Age |
| 16:34 | Queue | Knight |
| 16:42 | Queue | Villager (Male) |
| 16:45 | Build | Monastery |
| 16:50 | Build | Farm |
| 16:53 | Build | Farm |
| 17:00 | Build | House |
| 17:03 | Build | Palisade Wall |
| 17:17 | Build | Farm |
| 17:26 | Build | Siege Workshop |
| 17:30 | Queue | Knight |
| 17:38 | Build | Farm |
| 17:45 | Build | Palisade Wall |
| 17:52 | Build | Farm |
| 17:55 | Build | Palisade Wall |
| 17:56 | Queue | Knight |
| 17:58 | Build | Palisade Wall |
| 18:25 | Build | House |
Match timeline
| 4:46 | chanchanvn · first_building Barracks |
| 5:18 | chanchanvn · wall_segment Palisade Wall x5 |
| 6:20 | chanchanvn · wall_segment Palisade Wall x13 |
| 6:52 | Bubbagump · wall_segment Palisade Wall x1 |
| 7:17 | chanchanvn · wall_segment Palisade Wall x4 |
| 7:21 | Bubbagump · first_building Barracks |
| 7:45 | chanchanvn · wall_segment Palisade Wall x10 |
| 7:55 | chanchanvn · wall_segment Palisade Wall x9 |
| 8:29 | Bubbagump · age_up feudal |
| 8:30 | Bubbagump · first_building Stable |
| 9:07 | Bubbagump · first_building Archery Range |
| 9:26 | Bubbagump · wall_segment Palisade Wall x1 |
| 9:27 | Bubbagump · wall_segment Palisade Wall x1 |
| 9:28 | Bubbagump · wall_segment Palisade Wall x1 |
| 9:29 | Bubbagump · wall_segment Palisade Wall x1 |
| 9:30 | Bubbagump · wall_segment Palisade Wall x1 |
| 9:30 | Bubbagump · wall_segment Palisade Wall x1 |
| 9:31 | Bubbagump · wall_segment Palisade Wall x1 |
| 9:32 | Bubbagump · wall_segment Palisade Wall x1 |
| 9:37 | Bubbagump · wall_segment Palisade Wall x1 |
| 11:35 | Bubbagump · wall_segment Palisade Wall x1 |
| 11:36 | Bubbagump · wall_segment Palisade Wall x1 |
| 12:21 | chanchanvn · age_up feudal |
| 12:58 | chanchanvn · first_building Stable |
| 13:51 | chanchanvn · wall_segment Palisade Wall x2 |
| 14:17 | chanchanvn · wall_segment Palisade Wall x1 |
| 15:04 | chanchanvn · wall_segment Palisade Wall x1 |
| 15:16 | chanchanvn · wall_segment Palisade Wall x1 |
| 15:26 | chanchanvn · wall_segment Palisade Wall x1 |
| 15:27 | chanchanvn · wall_segment Palisade Wall x2 |
| 15:29 | chanchanvn · wall_segment Palisade Wall x3 |
| 15:34 | chanchanvn · wall_segment Palisade Wall x1 |
| 15:39 | chanchanvn · wall_segment Palisade Wall x1 |
| 15:50 | chanchanvn · wall_segment Palisade Wall x1 |
| 16:27 | chanchanvn · age_up castle |
| 16:34 | chanchanvn · first_market_buy 100 food |
| 16:45 | chanchanvn · first_building Monastery |
| 17:03 | chanchanvn · wall_segment Palisade Wall x1 |
| 17:26 | chanchanvn · first_building Siege Workshop |
| 17:32 | Bubbagump · wall_segment Palisade Wall x1 |
| 17:33 | Bubbagump · wall_segment Palisade Wall x1 |
| 17:45 | chanchanvn · wall_segment Palisade Wall x1 |
| 17:55 | chanchanvn · wall_segment Palisade Wall x1 |
| 17:58 | chanchanvn · wall_segment Palisade Wall x4 |
| 18:35 | chanchanvn · resign |
[ AI ANALYSIS · 1 CREDIT ]
What really happened in this match?
Wolo.gg analyzes every decision: build order, eco, micro, common mistakes by bracket. Personalized analysis on WhatsApp or Discord in 30 seconds.
Civ guide
Berbers
Perfil
Jugador #412636